 Dungeon Crawl Stone Soup version 0.25-a0-108-gda8bd6cf83 (webtiles) character file.

Game seed: 13686111086264885249, levelgen mode: deterministic

14129 Conn the Thaumaturge (level 11, -15/63 HPs)
             Began as a Deep Elf Fire Elementalist on Nov 17, 2019.
             Was an Elder of Sif Muna.
             Demolished by a komodo dragon (28 damage)
             ... on level 2 of the Lair of Beasts.
             The game lasted 00:45:07 (15133 turns).

Conn the Thaumaturge (Deep Elf Fire Elementalist)  Turns: 15133, Time: 00:45:07

Health: -15/63     AC:  8    Str:  5    XL:     11   Next: 84%
Magic:  30/30      EV: 15    Int: 24    God:    Sif Muna [****..]
Gold:   428        SH:  0    Dex: 15    Spells: 15/37 levels left

rFire    + . .     SeeInvis +   p - +1 dagger (flame)
rCold    . . .     Gourm    .   (no shield)
rNeg     . . .     Faith    .   f - +2 robe {rF+}
rPois    .         Spirit   .   (no helmet)
rElec    .         Reflect  .   K - +1 cloak
rCorr    .         Harm     .   T - +0 pair of gloves
MR       ++...                  F - +0 pair of boots
Stlth    ++++......             M - amulet of magic regeneration
HPRegen  0.20/turn              G - ring of see invisible
MPRegen  0.47/turn              Q - ring of protection from magic

@: no status effects
A: no striking features
a: Channel Magic, Forget Spell, Divine Exegesis, Renounce Religion


You were on level 2 of the Lair of Beasts.
You worshipped Sif Muna.
Sif Muna was greatly pleased with you.
You were not hungry.

You visited 3 branches of the dungeon, and saw 14 of its levels.

You collected 664 gold pieces.
You spent 236 gold pieces at shops.

Inventory:

Hand Weapons
 p - a +1 dagger of flaming (weapon)
 D - a +3 shortbow of velocity
Missiles
 E - 121 arrows
Armour
 a - a +0 robe
 f - a +2 robe of fire resistance (worn)
 j - +0 acid dragon scales
 m - a +0 cloak
 F - a +0 pair of boots (worn)
 K - a +1 cloak (worn)
 T - a +0 pair of gloves (worn)
Jewellery
 y - an uncursed amulet of regeneration
 G - a ring of see invisible (left hand)
 M - an amulet of magic regeneration (around neck)
 Q - a ring of protection from magic (right hand)
Wands
 n - a wand of digging (3)
 u - a wand of paralysis (1)
 A - a wand of acid (15)
 H - a wand of random effects (10)
 J - a wand of enslavement (12)
Scrolls
 d - 12 scrolls of identify
 e - 3 scrolls of fear {unknown}
 o - 3 scrolls of remove curse
 q - 2 scrolls of enchant armour {unknown}
 r - a scroll of fog {unknown}
 s - a scroll of blinking {unknown}
 w - 3 scrolls of teleportation {unknown}
 x - 4 scrolls of magic mapping {unknown}
 B - 2 scrolls of enchant weapon {unknown}
 C - a scroll of summoning {unknown}
 I - 2 scrolls of amnesia {unknown}
 L - a scroll of silence {unknown}
 O - a scroll of holy word {unknown}
 P - 3 scrolls of immolation {unknown}
 S - a scroll of acquirement {unknown}
Potions
 b - 4 potions of haste
 g - a potion of agility
 h - 2 potions of might
 k - a potion of lignification {unknown}
 l - 3 potions of magic
 t - a potion of brilliance {unknown}
 z - 4 potions of degeneration
 N - a potion of ambrosia
 R - a potion of mutation {unknown}
Comestibles
 c - 23 rations


   Skills:
 + Level 5.1 Fighting
 + Level 2.7 Short Blades
 + Level 4.7 Dodging
 - Level 7.1 Stealth
 * Level 13.5 Spellcasting
 * Level 9.9 Conjurations
 - Level 4.1 Hexes
 + Level 8.4 Fire Magic
 + Level 0.2 Air Magic
 + Level 1.4 Poison Magic
 * Level 5.9 Invocations
 + Level 1.1 Evocations


You had 15 spell levels left.
You knew the following spells:

 Your Spells              Type           Power        Failure   Level  Hunger
a - Flame Tongue          Conj/Fire      #####        1%          1    None
b - Conjure Flame         Conj/Fire      ######..     1%          3    None
c - Inner Flame           Hex/Fire       #####...     1%          3    None
d - Sticky Flame          Conj/Fire      ######..     1%          4    None
e - Confuse               Hex            #####...     1%          3    None
f - Fireball              Conj/Fire      ######....   2%          5    ###....
g - Mephitic Cloud        Conj/Pois/Air  ####....     2%          3    None

Your spell library contained the following spells:

 Spells                   Type           Power        Failure   Level  Hunger
 Confusing Touch          Hex            #####.       1%          1    None
 Sting                    Conj/Pois      ####         1%          1    None
 Throw Flame              Conj/Fire      ######       1%          2    None
 Animate Skeleton         Necr           N/A          3%          1    None
 Pain                     Necr           ###.         3%          1    None
 Poisonous Vapours        Pois/Air       ###...       4%          2    None
 Venom Bolt               Conj/Pois      #####.....   10%         5    ###....
 Gell's Gravitas          Tloc           ###.......   11%         3    None
 Regeneration             Chrm/Necr      ###.......   11%         3    None
 Vampiric Draining        Necr           ###.......   11%         3    None
 Olgreb's Toxic Radiance  Pois           ###.....     21%         4    None
 Animate Dead             Necr           N/A          36%         4    None
 Petrify                  Tmut/Erth      ###.....     36%         4    None
 Metabolic Englaciation   Hex/Ice        ####......   41%         5    ###....
 Yara's Violent Unravell  Hex/Tmut       ####......   41%         5    ###....


Dungeon Overview and Level Annotations

Branches:
Dungeon (11/15)            Temple (1/1) D:5            Lair (2/6) D:11
  Swamp: Lair:2-4    Shoals: Lair:2-4     Snake: Lair:2-4    Spider: Lair:2-4
    Orc: D:9-12

Altars:
Ashenzari
Cheibriados
Fedhas
Makhleb
Nemelex Xobeh
Okawaru
Ru
Sif Muna
Trog
Xom
Zin
The Shining One

Shops:
D:4 }   D:6 !

Annotations:
D:9 1 runed translucent door, exclusion: 4 orange crystal statues


Message History

Aim: a komodo dragon (moderately wounded, chance to defeat MR: 46%)
Okay, then.
Unknown command.
Evoke which item? (* to show all) (? for menu, Esc to quit)
Aiming: Paralyse
Press: ? - help, Shift-Dir - straight line, f - komodo dragon
Aim: a komodo dragon (moderately wounded, chance to defeat MR: 31%)
The komodo dragon easily resists.
The komodo dragon bites you!!
* * * LOW HITPOINT WARNING * * *
You feel much better.
You feel sick. The komodo dragon bites you!!
* * * LOW HITPOINT WARNING * * *
Okay, then.
Okay, then.
Okay, then.
Press: ? - help, v - describe, . - travel
Here: a komodo dragon (moderately wounded)
The floor.
Unknown command.
You feel better. The komodo dragon bites you!!
You die...

...!.≈≈≈≈....P..####F.#
.....≈≈≈≈.#....# #†##
P...≈≈≈≈≈.#.<..# #†#
#...≈≈≈≈≈....#=#
##Y######
....≈≈≈≈..#..# .#
#....#P#.
...≈≈≈≈≈..+..# #
##.....Y.
...≈≈≈≈≈.F...#
#.#...Y...
..≈≈≈≈≈[(l#..#
.S.........
..≈≈≈≈≈...@..#
..#####.##.#
.≈≈≈≈≈...........#
######
.≈≈≈≈≈...........#
.≈≈≈≈............#
≈≈≈............##
..............P#
..............P#
..............#


You could see a komodo dragon and a spiny frog.

Vanquished Creatures
  A hydra (Lair:2)
  Pikel (D:4)
  An ugly thing (D:11)
  A cyclops (D:11)
  A black mamba (Lair:2)
  2 spiny frogs
  A troll (D:11)
  Grinder (D:4)
  6 hippogriffs
  17 yaks
  A wyvern (Lair:1)
  A vampire (D:11)
  A basilisk (Lair:1)
  A hungry ghost (D:8)
  Menkaure (D:5)
  An acid dragon (D:11)
  Duvessa (D:4)
  3 porcupines
  2 water moccasins (Lair:2)
  A slave (D:4)
  4 orc warriors
  5 sky beasts
  5 ice beasts
  2 black bears (D:11)
  A phantom (D:5)
  6 ogres
  4 necrophages (D:11)
  5 wolves (Lair:1)
  4 centaurs
  3 crocodiles
  2 big kobolds
  Blork the orc (D:6)
  7 bullfrogs
  2 scorpions
  Dowan (D:4)
  10 killer bees
  8 wights
  2 bullfrog zombies
  A howler monkey (D:4)
  3 crimson imps
  3 jellies
  2 hounds
  2 orc priests
  2 bullfrog skeletons
  Crazy Yiuf (D:6)
  2 iguanas
  9 orc wizards
  7 worker ants
  A hound zombie (D:11)
  A hound skeleton (D:9)
  2 worker ant zombies
  10 adders
  5 gnolls
  A shadow imp (D:5)
  A worm zombie (D:4)
  2 adder skeletons
  An adder zombie (D:5)
  3 worms (D:2)
  A dart slug (D:1)
  7 leopard geckos
  29 orcs
  2 ball pythons
  11 bats
  9 giant cockroaches
  13 goblins
  10 hobgoblins
  13 jackals
  13 kobolds
  3 quokkas
  5 frilled lizards
  A leopard gecko zombie (D:7)
  2 quokka skeletons
  14 rats
  6 bushes (D:11)
  A fungus (D:6)
  A plant (D:11)
317 creatures vanquished.

Vanquished Creatures (others)
  2 slaves (D:4)
  A frilled lizard (D:4)
  An orc zombie (D:4)
  A bush (Lair:1)
  8 plants (D:11)
13 creatures vanquished.

Grand Total: 330 creatures vanquished

Notes
Turn   | Place    | Note
-------+----------+-------------------------------------------
     0 | D:1      | Conn the Deep Elf Fire Elementalist began the quest for the
                  | Orb.
     0 | D:1      | Reached XP level 1. HP: 10/10 MP: 6/6
   148 | D:1      | Reached XP level 2. HP: 15/15 MP: 4/8
   630 | D:1      | Reached XP level 3. HP: 13/19 MP: 0/10
  1408 | D:2      | Found a faded altar of an unknown god.
  1526 | D:2      | Found a blossoming altar of Fedhas.
  1815 | D:2      | Reached XP level 4. HP: 24/24 MP: 9/11
  2017 | D:2      | Reached skill level 4 in Spellcasting
  2019 | D:2      | Found an iron altar of Okawaru.
  2981 | D:3      | Found a shimmering blue altar of Sif Muna.
  2987 | D:3      | Became a worshipper of Sif Muna the Loreminder
  3199 | D:4      | Reached XP level 5. HP: 28/28 MP: 13/13
  3214 | D:4      | Noticed a slave
  3222 | D:4      | Noticed a slave
  3361 | D:3      | Learned a level 3 spell: Conjure Flame
  3365 | D:3      | Learned a level 3 spell: Inner Flame
  3370 | D:3      | Learned a level 4 spell: Sticky Flame
  3384 | D:4      | Killed a slave
  3495 | D:4      | Found a glowing silver altar of Zin.
  3546 | D:4      | Noticed Pikel
  3552 | D:4      | Noticed a slave
  3554 | D:4      | Noticed a slave
  3591 | D:4      | Killed Pikel
  3591 | D:4      | Reached skill level 1 in Short Blades
  3591 | D:4      | Reached skill level 6 in Spellcasting
  3591 | D:4      | Reached XP level 6. HP: 16/35 MP: 3/17
  3591 | D:4      | Reached XP level 7. HP: 19/40 MP: 3/18
  3900 | D:4      | Noticed Dowan
  3902 | D:4      | Noticed Duvessa
  3912 | D:4      | Killed Dowan
  3915 | D:4      | Killed Duvessa
  3915 | D:4      | Reached skill level 5 in Stealth
  4401 | D:4      | Learned a level 3 spell: Confuse
  4494 | D:4      | Noticed Grinder
  4494 | D:4      | Paralysed by Grinder for 2 turns
  4511 | D:4      | Killed Grinder
  4511 | D:4      | Reached skill level 1 in Hexes
  4511 | D:4      | Reached skill level 5 in Fire Magic
  4528 | D:4      | Reached XP level 8. HP: 45/45 MP: 10/20
  4680 | D:4      | Found Ikhuh's Gadget Shop.
  4685 | D:4      | Bought a wand of acid (4) for 176 gold pieces
  4929 | D:5      | Entered Level 5 of the Dungeon
  4934 | D:5      | Noticed Menkaure
  4940 | D:5      | Killed Menkaure
  4940 | D:5      | Reached skill level 7 in Spellcasting
  4940 | D:5      | Reached skill level 1 in Invocations
  4990 | D:5      | Reached skill level 1 in Evocations
  5159 | D:5      | Found a shattered altar of Ashenzari.
  5164 | D:5      | Found a staircase to the Ecumenical Temple.
  5185 | Temple   | Entered the Ecumenical Temple
  5262 | D:5      | Reached skill level 5 in Conjurations
  5333 | D:5      | Reached * piety under Sif Muna
  5786 | D:5      | Reached skill level 8 in Spellcasting
  6061 | D:6      | Noticed Blork the orc
  6066 | D:6      | Killed Blork the orc
  6076 | D:6      | Reached XP level 9. HP: 50/50 MP: 23/23
  6180 | D:6      | Found Irhyhaez's Distillery.
  6301 | D:6      | Bought a potion of heal wounds for 60 gold pieces
  6340 | D:6      | Found a snail-covered altar of Cheibriados.
  6344 | D:6      | Found a sacrificial altar of Ru.
  6344 | D:6      | Found a sparkling altar of Nemelex Xobeh.
  6344 | D:6      | Found a burning altar of Makhleb.
  6505 | D:6      | Found a runed translucent door.
  6506 | D:6      | Noticed Crazy Yiuf
  6518 | D:6      | Killed Crazy Yiuf
  6658 | D:7      | Reached ** piety under Sif Muna
  7344 | D:7      | Reached skill level 9 in Spellcasting
  7684 | D:7      | Found a burning altar of Makhleb.
  8340 | D:8      | Learned a level 5 spell: Fireball
  8344 | D:8      | Learned a level 3 spell: Mephitic Cloud
  9199 | D:9      | Found a runed translucent door.
  9219 | D:9      | Found a runed translucent door.
  9220 | D:9      | Noticed an orange crystal statue
  9221 | D:9      | Found the +10 large shield of Ignorance {rN+ Int-4}
  9249 | D:9      | Noticed an orange crystal statue
  9249 | D:9      | Noticed an orange crystal statue
  9249 | D:9      | Noticed an orange crystal statue
  9440 | D:9      | Reached XP level 10. HP: 56/56 MP: 20/25
  9456 | D:9      | Found a glowing golden altar of the Shining One.
  9785 | D:9      | Found a shattered altar of Ashenzari.
  9915 | D:9      | Reached *** piety under Sif Muna
 10116 | D:9      | Reached skill level 10 in Spellcasting
 10368 | D:10     | Entered Level 10 of the Dungeon
 11144 | D:10     | Reached **** piety under Sif Muna
 11694 | D:10     | Reached skill level 11 in Spellcasting
 12075 | D:11     | Reached skill level 5 in Fighting
 12287 | D:11     | Reached XP level 11. HP: 55/63 MP: 19/28
 12303 | D:11     | Reached skill level 1 in Poison Magic
 12332 | D:11     | Noticed a green ugly thing
 12362 | D:11     | HP: 3/63 [poisoned by a green ugly thing]
 12363 | D:11     | HP: 1/63 [poisoned by a green ugly thing]
 12752 | D:11     | Reached skill level 12 in Spellcasting
 12772 | D:11     | Reached skill level 5 in Invocations
 13051 | D:11     | Killed a green ugly thing
 13270 | D:11     | Found a blossoming altar of Fedhas.
 13437 | D:11     | Found a staircase to the Lair.
 13844 | Lair:1   | Entered Level 1 of the Lair of Beasts
 14138 | Lair:1   | You fall into a shaft and drop 1 floor!
 14245 | Lair:2   | Noticed a four-headed hydra
 14278 | Lair:2   | Killed a four-headed hydra
 14282 | Lair:2   | Reached skill level 13 in Spellcasting
 15131 | Lair:2   | HP: 1/63 [komodo dragon (26)]
 15133 | Lair:2   | Demolished by a komodo dragon

Levels and vault maps discovered:
D:1:      minmay_arrival_doors, layout_basic
D:2:      layout_loops_ring, marbit_many_paths,
          chequers_ecumenical_altar_twisty, okawaru_altar_gauntlet_db
D:3:      layout_loops_cross, led_sif_pool
D:4:      layout_basic, old_standard_altar, enter_ossuary_3, serial_shops,
          kennysheep_little_box, hangedman_decor_peaks_small, uniq_duvessa,
          uniq_grinder, uniq_sigmund, uniq_pikel
D:5:      layout_basic, ashenzari_altar_1,
          minmay_temple_entry_statues_fountains, first_ration, minmay_circle_x,
          uniq_menkaure
D:6:      layout_rooms, grunt_temple_overflow_open, serial_shops, shop,
          uniq_blork_the_orc, uniq_crazy_yiuf_cottage
D:7:      layout_basic, basic_altar, grunt_ministairs_9, grunt_ogre_cave
D:8:      layout_basic
D:9:      layout_cave_pods, lemuel_crystal_altar, basic_altar,
          chequers_guarded_unrand_ignorance
D:10:     layout_stronghold, hangedman_decor_diamond_cutter
D:11:     layout_layer_cave, grunt_lair_entry_orc_guard_hut,
          fedhas_altar_decomposition
Temple:   jpeg_temple_clearing
Lair:1:   layout_chaotic_city, grunt_megastairs_5
Lair:2:   wander_river, layout_chaotic_city, grunt_megastairs_2

Skill      XL: |  1  2  3  4  5  6  7  8  9 10 11 |
---------------+----------------------------------+-----
Fire Magic     | 4 5 6 7 8 |  8.4
Stealth        | 3 4 5 6 7 |  7.1
Spellcasting   | 4 6 8 9 11 13 | 13.5
Conjurations   | 2 3 4 6 7 8 9 |  9.9
Fighting       | 2 3 5 |  5.1
Short Blades   | 1 2 |  2.7
Hexes          | 1 3 4 |  4.1
Dodging        | 3 4 |  4.7
Invocations    | 2 3 4 5 |  5.9
Evocations     | 1 |  1.1
Poison Magic   | 1 |  1.4
Air Magic      | |  0.2

Action                   |  1- 3 |  4- 6 |  7- 9 | 10-12 || total
-------------------------+-------+-------+-------+-------++-------
Melee: Short sword       |    19 |       |       |       ||    19
       Dagger            |    17 |    26 |   174 |    82 ||   299
 Cast: Flame Tongue      |    70 |    44 |   162 |   193 ||   469
       Sticky Flame      |       |     5 |    20 |    48 ||    73
       Confuse           |       |       |     6 |     9 ||    15
       Conjure Flame     |       |       |     7 |     7 ||    14
       Fireball          |       |       |     7 |    12 ||    19
       Mephitic Cloud    |       |       |       |    16 ||    16
Evoke: Wand              |       |     3 |     5 |     2 ||    10
  Use: Scroll            |       |     3 |     1 |       ||     4
       Potion            |       |       |       |    12 ||    12
 Stab: Sleeping          |     4 |     7 |    16 |    12 ||    39
       Paralysed         |       |     1 |     2 |       ||     3
       Confused          |       |       |     2 |     5 ||     7
  Eat: Chunk             |     3 |     5 |    17 |    15 ||    40
       Ration            |       |       |     1 |     2 ||     3
Armor: Robe              |     7 |     8 |    46 |    62 ||   123
Dodge: Dodged            |    50 |    29 |   152 |   114 ||   345

Table legend:
 A = Non-vault XP
 B = Vault XP
 C = Vault XP percentage of total XP
 D = Non-vault monster count
 E = Vault monster count
 F = Vault count percentage of total count
                 A         B        C        D         E       F
            +---------+---------+-------+---------+---------+-------
      Total |   16926 |    3259 |  16.1 |     273 |      35 |  11.4
            +---------+---------+-------+---------+---------+-------
        D:1 |      62 |       0 |   0.0 |      29 |       0 |   0.0
        D:2 |      47 |      26 |  35.6 |      24 |       7 |  22.6
        D:3 |      46 |       0 |   0.0 |      23 |       0 |   0.0
        D:4 |     115 |    1158 |  91.0 |      10 |       6 |  37.5
        D:5 |     618 |     427 |  40.9 |      22 |       4 |  15.4
        D:6 |     577 |     136 |  19.1 |      12 |       2 |  14.3
        D:7 |    1060 |     164 |  13.4 |      23 |       2 |   8.0
        D:8 |     853 |       0 |   0.0 |      18 |       0 |   0.0
        D:9 |    1978 |       0 |   0.0 |      22 |       0 |   0.0
       D:10 |    2593 |       0 |   0.0 |      41 |       0 |   0.0
       D:11 |    4057 |    1248 |  23.5 |      28 |      13 |  31.7
     Lair:1 |    2483 |     100 |   3.9 |      14 |       1 |   6.7
     Lair:2 |    2437 |       0 |   0.0 |       7 |       0 |   0.0
            +---------+---------+-------+---------+---------+-------
